 Dungeon Crawl Stone Soup version 0.23-a0-488-g5fd82c5 (webtiles) character file.

195078 nikopol the Sorcerer (level 17, -3/76 HPs)
             Began as a Deep Elf Fire Elementalist on Nov 29, 2018.
             Was a High Priest of Vehumet.
             Succumbed to an emperor scorpion's poison
             ... on level 3 of the Spider Nest on Dec 1, 2018.
             The game lasted 02:34:24 (40980 turns).

nikopol the Sorcerer (Deep Elf Fire Elementalist)  Turns: 40980, Time: 02:34:25

Health: -3/76      AC: 22    Str:  0 (5)  XL:     17   Next: 70%
Magic:  28/53      EV:  6    Int: 32 (35) God:    Vehumet [*****.]
Gold:   864        SH:  8    Dex: 11 (15) Spells: 23/59 levels left

rFire    + + +     SeeInvis .   P - staff of wizardry
rCold    + + .     Gourm    .   a - +3 buckler {rF+}
rNeg     . . .     Faith    .   H - +8 ring mail "Jaenkerph" {Int+7 Stlth-}
rPois    +         Spirit   .   h - +2 helmet
rElec    .         Reflect  .   U - scarf {rC+ rF+}
rCorr    .         Harm     .   K - +1 pair of gloves
MR       ++...                  j - +0 pair of boots
Stlth    +.........             v - amulet of the acrobat
HPRegen  0.05/turn              V - ring of Thoughtfulness {rPois rF+ rC+ MR+}
MPRegen  0.33/turn              x - ring of magical power

@: lethally poisoned (-3 -> -44), slowed, lost strength, very slow
A: deterioration 2, frail 1, screaming 1
}: 1/15 runes: decaying
a: Renounce Religion


You were on level 3 of the Spider Nest.
You worshipped Vehumet.
Vehumet was extremely pleased with you.
You were hungry.

You visited 6 branches of the dungeon, and saw 32 of its levels.
You also visited: Labyrinth.

You collected 3286 gold pieces.
You spent 2422 gold pieces at shops.

Inventory:

Hand Weapons
 F - a +5 short sword of holy wrath
Armour
 a - a +3 buckler of fire resistance (worn)
 h - a +2 helmet (worn)
 j - a +0 pair of boots (worn)
 H - the +8 ring mail "Jaenkerph" (worn) {Int+7 Stlth-}
   (You found it on level 2 of the Lair of Beasts)

   It affects your intelligence (+7).
   It makes you less stealthy.
 K - a +1 pair of gloves (worn)
 U - a scarf of resistance (worn)
Magical Staves
 P - an uncursed staff of wizardry (weapon)
Jewellery
 v - an amulet of the acrobat (around neck)
 x - a ring of magical power (right hand)
 y - an uncursed ring of positive energy
 C - an uncursed amulet of regeneration {unknown}
 V - the ring of Thoughtfulness (left hand) {rPois rF+ rC+ MR+}
   (You bought it in a shop on level 2 of the Orcish Mines)

   [ring of protection from cold]

   It protects you from fire.
   It protects you from cold.
   It protects you from poison.
   It affects your resistance to hostile enchantments.
 X - an uncursed ring of resist corrosion
 Y - an uncursed ring of positive energy
Wands
 k - a wand of digging (11)
 r - a wand of disintegration (41)
 D - a wand of polymorph (18)
 L - a wand of iceblast (28)
 M - a wand of acid (26)
 O - a wand of scattershot (3)
 Q - a wand of paralysis (9)
 R - a wand of clouds (5)
 Z - a wand of flame (97)
Scrolls
 d - 19 scrolls of remove curse
 f - 3 scrolls of immolation
 g - a scroll of fear
 i - 5 scrolls of blinking
 l - 5 scrolls of enchant weapon
 n - a scroll of silence
 o - 14 scrolls of teleportation
 p - 5 scrolls of amnesia
 u - 5 scrolls of fog
 A - 9 scrolls of identify
 B - a scroll of summoning
 G - 3 scrolls of vulnerability
 I - 8 scrolls of magic mapping
 J - 6 scrolls of enchant armour
Potions
 b - 9 potions of haste
 e - 2 potions of might
 m - 3 potions of magic
 q - 2 potions of invisibility
 s - 6 potions of brilliance
 t - 2 potions of lignification
 w - 3 potions of agility
 z - 11 potions of curing
 E - 8 potions of flight
 N - a potion of resistance
 S - a potion of ambrosia
 T - 5 potions of heal wounds
 W - 4 potions of mutation
Comestibles
 c - 39 rations


   Skills:
 + Level 2.5 Fighting
 + Level 8.8 Armour
 + Level 7.2 Dodging
 + Level 4.5 Stealth
 + Level 5.9 Shields
 + Level 21.8 Spellcasting
 + Level 16.3 Conjurations
 + Level 0.4 Translocations
 + Level 17.3 Fire Magic
 + Level 5.6 Earth Magic
 + Level 1.0 Evocations


You had 23 spell levels left.
You knew the following spells:

 Your Spells              Type           Power        Failure   Level  Hunger
a - Flame Tongue          Conj/Fire      #####        1%          1    None
b - Throw Flame           Conj/Fire      ######       1%          2    None
c - Conjure Flame         Conj/Fire      #######.     1%          3    None
d - Sticky Flame          Conj/Fire      #######.     1%          4    None
e - Fireball              Conj/Fire      #######...   1%          5    None
f - Iron Shot             Conj/Erth      #######...   5%          6    None
g - Blink                 Tloc           N/A          14%         2    None
h - Bolt of Magma         Conj/Fire/Erth #######...   1%          5    None
i - Ignition              Fire           #######...   16%         8    ####...

Your spell library contained the following spells:

 Spells                   Type           Power        Failure   Level  Hunger
 Poison Arrow             Conj/Pois      ######....   16%         6    None
 Magic Dart               Conj           ####         1%          1    None
 Sting                    Conj/Pois      ####         1%          1    None
 Throw Frost              Conj/Ice       ######       1%          2    None
 Ignite Poison            Fire/Tmut/Pois ######..     1%          3    None
 Inner Flame              Hex/Fire       ######..     1%          3    None
 Mephitic Cloud           Conj/Pois/Air  ######..     1%          3    None
 Throw Icicle             Conj/Ice       ######..     1%          4    None
 Bolt of Fire             Conj/Fire      #######...   1%          6    None
 Freeze                   Ice            ####         3%          1    None
 Irradiate                Conj/Tmut      ######....   3%          5    None
 Iskenderun's Battlesphe  Conj/Chrm      ######..     3%          5    None
 Venom Bolt               Conj/Pois      ######....   3%          5    None
 Orb of Destruction       Conj           #######...   3%          7    #......
 Beastly Appendage        Tmut           ####..       11%         1    None
 Call Imp                 Summ           ####....     16%         2    None
 Poisonous Vapours        Pois/Air       ####..       16%         2    None
 Slow                     Hex            ####....     16%         2    None
 Sticks to Snakes         Tmut           ####....     16%         2    None
 Olgreb's Toxic Radiance  Pois           ####....     26%         4    None
 Ozocubu's Armour         Chrm/Ice       ####....     32%         3    None
 Spider Form              Tmut/Pois      ####......   32%         3    None
 Leda's Liquefaction      Hex/Erth       ######....   32%         4    None
 Spellforged Servitor     Conj/Summ      ######....   56%         7    #......
 Ice Form                 Ice/Tmut       ####....     69%         4    None
 Summon Ice Beast         Ice/Summ       ####....     69%         4    None
 Ring of Flames           Chrm/Fire      ######....   92%         7    #......
 Blade Hands              Tmut           ####......   95%         5    None
 Statue Form              Tmut/Erth      ######...    99%         6    None
 Hydra Form               Tmut           ####......   100%        6    None
 Dragon Form              Tmut           ####......   100%        7    #......
 Malign Gateway           Summ/Tloc      #####.....   100%        7    #......
 Monstrous Menagerie      Summ           ####......   100%        7    #......
 Summon Greater Demon     Summ           ####......   100%        7    #......
 Summon Horrible Things   Summ           ####......   100%        8    ####...
 Shatter                  Erth           ######....   100%        9    ######.


Dungeon Overview and Level Annotations

Branches:
Dungeon (15/15)            Temple (1/1) D:6            Lair (6/6) D:9
  Swamp (4/4) Lair:4       Spider (4/4) Lair:2        Slime (0/5) Lair:6
    Orc (2/2) D:9             Elf (0/3) Orc:2        Vaults (0/5) D:14
 Depths (0/5) D:15

Altars:
Cheibriados
Dithmenos
Elyvilon
Fedhas
Gozag
Hepliaklqana
Nemelex Xobeh
Qazlal
Ru
Sif Muna
Trog
Uskayaw
Vehumet
Wu Jian
Xom
The Shining One
Beogh
Jiyva

Shops:
D:9 ?:!(*   D:14 *   Orc:1 *   Orc:2 [*=(


Innate Abilities, Weirdness & Mutations

Your body often deteriorates upon taking damage.
You are frail. (-10% HP)
You occasionally shout uncontrollably at your foes.


Message History

The emperor scorpion appears unharmed.
The emperor scorpion is almost dead.
The emperor scorpion is covered in liquid flames!
You feel very sick.
The emperor scorpion burns! x2; The emperor scorpion barely misses you.
The emperor scorpion claws you but does no damage.
The emperor scorpion claws you.
* * * LOW HITPOINT WARNING * * *
* * * LOW HITPOINT WARNING * * *
You feel very sick.
The emperor scorpion burns!
You block the emperor scorpion's attack.
The emperor scorpion closely misses you.
The emperor scorpion claws you!
* * * LOW HITPOINT WARNING * * *
The emperor scorpion stings you.
* * * LOW HITPOINT WARNING * * *
You block the emperor scorpion's attack. x2
You climb upwards.
You die...

....>........#...#...#≈..≈##
.........#...#........##≈##
..^.........####.......≈≈≈#
..#......##......#......≈≈#
#.#....#≈#.^...^.#^....####
#^.........#####^##≈..##
....#^.............#####
....#............s.....#
....#^......(...@...^.##
....#.†.....#...###.^##
....#....#≈.≈.....≈#^#
#...#.....###......≈##
...##..#..#..#.#^..##
....^..#.^.....#.#######
...#...#...###....^...≈##
.^##...#^.............≈≈#
^.#....#..............≈≈#


You could see an emperor scorpion (burning).

Vanquished Creatures
  the Lernaean hydra (Swamp:4)
  Nikola (Swamp:1)
  Rupert (D:12)
  The ghost of Roghewn the Warrior, an adept FoFi of Gozag (Swamp:4)
  2 thorn hunters
  Roxanne (Spider:1)
  An orc warlord (Orc:2)
  2 emperor scorpions
  An ironheart preserver (D:14)
  5 entropy weavers
  3 spark wasps
  A minotaur (Lab)
  Josephine (D:12)
  Snorg (D:12)
  2 ogre magi (D:15)
  24 hydras
  3 centaur warriors
  A ghost crab (Swamp:4)
  2 shambling mangroves
  An anaconda (D:12)
  16 alligators
  15 two-headed ogres
  4 orc high priests (Orc:2)
  4 skeletal warriors (D:14)
  4 unseen horrors
  8 swamp dragons
  2 spriggan druids (Swamp:4)
  2 wizards (D:14)
  An oklob plant (Swamp:1)
  5 deep elf magi
  A wolf spider zombie (D:14)
  21 wolf spiders
  5 orc knights
  10 orb spiders
  A shining eye (D:12)
  8 ugly things
  4 orc sorcerers
  2 manticores
  A cyclops (D:15)
  Maurice (D:12)
  3 centaur zombies
  2 gargoyles
  2 black mambas
  27 spiny frogs
  9 komodo dragons
  3 rime drakes
  8 demonic crawlers
  2 efreet
  A komodo dragon (shapeshifter) (D:14)
  3 meliai (Spider:2)
  A queen bee (Spider:2)
  A tengu conjurer (D:13)
  A polar bear (Lair:6)
  9 tyrant leeches
  5 trolls
  20 jumping spiders
  16 bog bodies
  Grinder (D:6)
  A merfolk (D:10)
  13 hornets
  8 slime creatures
  34 blink frogs
  4 dream sheep (Lair:6)
  8 hippogriffs
  A raiju (shapeshifter) (D:15)
  38 redbacks
  3 shadows
  Sigmund (D:4)
  2 spriggans (Swamp:4)
  12 tarantellas
  6 wyverns
  A hog (D:13)
  11 yaks
  2 basilisks
  4 hungry ghosts
  5 wraiths (D:12)
  Menkaure (D:6)
  18 vampire mosquitoes
  7 wargs
  Edmund (D:4)
  2 acid dragons
  10 swamp worms
  15 insubstantial wisps
  Duvessa (D:6)
  9 water moccasins
  2 soldier ants (D:8)
  10 porcupines
  32 orc warriors
  10 black bears
  4 ice beasts
  3 sky beasts
  11 swamp drakes
  2 eyes of draining
  A necrophage (D:10)
  5 wolves (Lair:2)
  14 centaurs
  16 ogres
  8 crocodiles
  A boggart (shapeshifter) (D:14)
  4 big kobolds
  A gnoll sergeant (D:10)
  33 bullfrogs
  Dowan (D:6)
  A water moccasin zombie (D:6)
  2 wyvern skeletons
  4 scorpions
  22 killer bees
  A spriggan skeleton (Lab)
  7 wights
  10 electric eels
  6 howler monkeys
  A bullfrog zombie (D:12)
  8 crimson imps
  A quasit (D:9)
  5 hounds
  7 centaur skeletons
  4 jellies
  22 orc wizards
  22 orc priests
  4 gnoll shamans (D:12)
  Crazy Yiuf (D:6)
  6 bullfrog skeletons
  Jessica (D:2)
  Ijyb (D:4)
  3 iguanas
  13 worker ants
  A hound zombie (D:7)
  An ogre skeleton (Lab)
  6 gnolls (D:12)
  12 adders
  3 shadow imps
  3 oozes (Lair:6)
  2 adder skeletons
  A worm (D:2)
  A dart slug (D:1)
  12 leopard geckos
  55 orcs
  4 giant cockroaches
  14 goblins
  9 hobgoblins
  18 jackals
  10 kobolds
  5 quokkas
  A ball python (D:2)
  4 bats
  6 frilled lizards
  A leopard gecko skeleton (D:6)
  6 rats
  3 fungi (Orc:2)
  4 plants
994 creatures vanquished.

Vanquished Creatures (others)
  An alligator (Swamp:4)
  33 fungi
  48 plants
82 creatures vanquished.

Grand Total: 1076 creatures vanquished

Notes
Turn   | Place    | Note
-------+----------+-------------------------------------------
     0 | D:1      | nikopol the Deep Elf Fire Elementalist began the quest for
                  | the Orb.
     0 | D:1      | Reached XP level 1. HP: 10/10 MP: 6/6
   389 | D:1      | Reached XP level 2. HP: 14/15 MP: 4/8
   798 | D:1      | Reached XP level 3. HP: 18/19 MP: 3/9
   802 | D:1      | Learned a level 2 spell: Throw Flame
   806 | D:1      | Learned a level 3 spell: Conjure Flame
  1763 | D:2      | Reached XP level 4. HP: 24/24 MP: 7/11
  2080 | D:2      | Found a glowing golden altar of the Shining One.
  2169 | D:2      | Noticed Jessica
  2174 | D:2      | Killed Jessica
  2174 | D:2      | Reached skill level 4 in Spellcasting
  2506 | D:2      | Learned a level 4 spell: Sticky Flame
  2544 | D:2      | Reached skill level 1 in Shields
  2544 | D:2      | Reached XP level 5. HP: 20/28 MP: 6/13
  2705 | D:3      | Found an ornate altar of the Wu Jian Council.
  3563 | D:4      | Found a shimmering altar of Xom.
  3616 | D:4      | Reached XP level 6. HP: 18/32 MP: 12/15
  3820 | D:4      | Noticed Edmund
  3835 | D:4      | Killed Edmund
  3835 | D:4      | Reached skill level 5 in Spellcasting
  3835 | D:4      | Reached skill level 5 in Fire Magic
  4161 | D:4      | Noticed Ijyb
  4166 | D:4      | Killed Ijyb
  4358 | D:4      | Noticed Sigmund
  4368 | D:4      | Killed Sigmund
  4368 | D:4      | Reached skill level 6 in Spellcasting
  4368 | D:4      | Reached XP level 7. HP: 37/37 MP: 17/18
  4777 | D:5      | Entered Level 5 of the Dungeon
  5229 | D:5      | Reached skill level 7 in Spellcasting
  5628 | D:6      | Noticed Grinder
  5633 | D:6      | Killed Grinder
  5633 | D:6      | Reached XP level 8. HP: 42/42 MP: 18/21
  5663 | D:6      | Learned a level 5 spell: Fireball
  5894 | D:6      | Found a staircase to the Ecumenical Temple.
  5903 | D:6      | Reached skill level 8 in Spellcasting
  5922 | Temple   | Entered the Ecumenical Temple
  5955 | Temple   | Became a worshipper of Vehumet
  6017 | D:6      | Noticed Duvessa
  6030 | D:6      | Killed Duvessa
  6034 | D:6      | Noticed Dowan
  6122 | D:6      | Noticed Menkaure
  6123 | D:6      | Reached skill level 5 in Conjurations
  6126 | D:6      | Killed Menkaure
  6161 | D:6      | Killed Dowan
  6316 | D:6      | Found a runed door.
  6664 | D:6      | Noticed Crazy Yiuf
  6669 | D:6      | Killed Crazy Yiuf
  6824 | D:7      | Reached skill level 9 in Spellcasting
  6824 | D:7      | Reached XP level 9. HP: 46/46 MP: 24/24
  7110 | D:7      | Reached skill level 1 in Fighting
  7638 | D:8      | Found a stormy altar of Qazlal.
  7659 | D:8      | Found a shadowy altar of Dithmenos.
  7698 | D:8      | Found an opulent altar of Gozag.
  7744 | D:8      | Found a white marble altar of Elyvilon.
  7835 | D:8      | Reached * piety under Vehumet
  7835 | D:8      | Offered knowledge of Shock by Vehumet.
  7986 | D:9      | Found Tabreniyg's Antique Weapon Shoppe.
  8002 | D:9      | Found Joshivao's Magic Scroll Shoppe.
  8016 | D:9      | Bought a scroll of identify for 30 gold pieces
  8016 | D:9      | Bought a scroll of identify for 30 gold pieces
  8016 | D:9      | Bought a scroll of magic mapping for 52 gold pieces
  8136 | D:9      | Found Akikket's Distillery.
  8139 | D:9      | Bought a potion of magic for 112 gold pieces
  8153 | D:9      | Found Ziekunwo's Book Shop.
  8279 | D:9      | Reached skill level 10 in Spellcasting
  8282 | D:9      | Noticed a troll
  8398 | D:9      | Found a staircase to the Orcish Mines.
  8424 | D:8      | Killed a troll
  8829 | D:9      | Reached ** piety under Vehumet
  8829 | D:9      | Offered knowledge of Sting by Vehumet.
  8860 | D:9      | Reached XP level 10. HP: 35/52 MP: 14/26
  9052 | D:9      | Found Vopaihynk's Assorted Antiques.
  9351 | D:9      | Found a staircase to the Lair.
  9399 | Lair:1   | Entered Level 1 of the Lair of Beasts
  9474 | Lair:1   | Reached skill level 11 in Spellcasting
  9997 | Lair:1   | Reached skill level 12 in Spellcasting
 10489 | Lair:2   | Got a crude ring mail
 10503 | Lair:1   | Identified the +8 ring mail "Jaenkerph" {Int+7 Stlth-} (You
                  | found it on level 2 of the Lair of Beasts)
 10514 | Lair:2   | Noticed a spiny frog
 10521 | Lair:2   | Killed a spiny frog
 10597 | Lair:2   | Reached skill level 1 in Armour
 10597 | Lair:2   | Reached XP level 11. HP: 56/56 MP: 27/29
 10605 | Lair:2   | Offered knowledge of Ignite Poison by Vehumet.
 11253 | Lair:2   | Found a hole to the Spider Nest.
 11432 | Lair:2   | Reached skill level 13 in Spellcasting
 11432 | Lair:2   | Reached skill level 10 in Fire Magic
 11432 | Lair:2   | Reached skill level 5 in Dodging
 12513 | Lair:3   | Reached *** piety under Vehumet
 12998 | Lair:4   | Reached skill level 10 in Conjurations
 13064 | Lair:4   | Reached skill level 5 in Shields
 13110 | Lair:4   | Noticed a six-headed hydra
 13114 | Lair:4   | Killed a six-headed hydra
 13220 | Lair:4   | Found a staircase to the Swamp.
 13602 | Lair:5   | Reached XP level 12. HP: 61/61 MP: 22/31
 13608 | Lair:5   | Offered knowledge of Stone Arrow by Vehumet.
 13890 | Lair:5   | Noticed a six-headed hydra
 13894 | Lair:5   | Killed a six-headed hydra
 13894 | Lair:5   | Reached skill level 14 in Spellcasting
 14529 | Lair:5   | Noticed a four-headed hydra
 14546 | Lair:5   | Killed a four-headed hydra
 15051 | Lair:6   | Entered Level 6 of the Lair of Beasts
 15076 | Lair:6   | Found a runed door.
 15076 | Lair:6   | Found a viscous altar of Jiyva.
 15076 | Lair:6   | Found a staircase to the Slime Pits.
 15193 | Lair:6   | Noticed a five-headed hydra
 15201 | Lair:6   | Killed a five-headed hydra
 15337 | Lair:6   | Reached **** piety under Vehumet
 15370 | Lair:6   | Reached skill level 5 in Armour
 15529 | Lair:6   | Reached skill level 15 in Spellcasting
 15540 | Lair:6   | Offered knowledge of Olgreb's Toxic Radiance by Vehumet.
 15857 | Lair:6   | Reached XP level 13. HP: 65/65 MP: 27/34
 16631 | Lair:6   | Reached ***** piety under Vehumet
 16631 | Lair:6   | Reached skill level 16 in Spellcasting
 17104 | Orc:1    | Entered Level 1 of the Orcish Mines
 17151 | Orc:1    | Found Ynaskay's General Store.
 17265 | Orc:1    | Offered knowledge of Bolt of Draining by Vehumet.
 17688 | Orc:2    | Entered Level 2 of the Orcish Mines
 18063 | Orc:2    | Found Ithit's General Store.
 18209 | Orc:1    | Upgraded the game from 0.23-a0-481-g60b89c1 to
                  | 0.23-a0-484-g29ba69c
 18238 | Orc:2    | Noticed an orc warlord
 18374 | Orc:2    | Found Usmoaj's Antique Weapon Boutique.
 19016 | Orc:2    | Killed an orc warlord
 19347 | Orc:2    | Found a roughly hewn altar of Beogh.
 19361 | Orc:2    | Found Coexytt's Jewellery Boutique.
 19369 | Orc:2    | Bought the ring of Thoughtfulness {rPois rF+ rC+ MR+} for
                  | 878 gold pieces
 19533 | Orc:2    | Found Juath's Antique Armour Boutique.
 19617 | Orc:2    | Found a staircase to the Elven Halls.
 19954 | D:10     | Entered Level 10 of the Dungeon
 20535 | D:10     | Offered knowledge of Irradiate by Vehumet.
 20770 | D:10     | Reached XP level 14. HP: 70/70 MP: 36/36
 21007 | D:10     | Identified the +7 quarterstaff "Fonasyo" {freeze, *Slow
                  | +Inv Str+3}
 21232 | D:10     | Reached skill level 17 in Spellcasting
 21455 | D:10     | Found a hazy altar of Hepliaklqana.
 22751 | D:12     | Gained mutation: Your body sometimes deteriorates upon
                  | taking damage. [a shining eye]
 22754 | D:12     | Gained mutation: Your body often deteriorates upon taking
                  | damage. [a shining eye]
 22755 | D:12     | Gained mutation: You occasionally shout uncontrollably at
                  | your foes. [a shining eye]
 23014 | D:12     | Noticed Rupert
 23024 | D:12     | Killed Rupert
 23148 | D:12     | Noticed Maurice
 23153 | D:12     | Killed Maurice
 23352 | D:9      | Bought a book of Power for 540 gold pieces
 23359 | D:9      | Learned a level 6 spell: Iron Shot
 23534 | D:12     | Got an amethyst-encrusted scale mail
 23545 | D:12     | Identified the cursed +0 scale mail of Veliy {rF+ rC+
                  | Regen+ SInv} (You found it on level 12 of the Dungeon)
 23883 | D:12     | Found a hide-covered altar of Uskayaw.
 23886 | D:12     | Offered knowledge of Freezing Cloud by Vehumet.
 24117 | D:12     | Noticed Josephine
 24120 | D:12     | Killed Josephine
 24357 | D:12     | Noticed Snorg
 24366 | D:12     | Killed Snorg
 25718 | D:14     | Reached skill level 18 in Spellcasting
 25721 | D:14     | Reached XP level 15. HP: 75/75 MP: 7/39
 26181 | D:14     | Offered knowledge of Lightning Bolt by Vehumet.
 26181 | D:14     | Reached skill level 1 in Earth Magic
 26504 | D:14     | Found a gate to the Vaults.
 26587 | D:14     | Found Qoomod's Elemental Accessories.
 26856 | D:14     | Found a sacrificial altar of Ru.
 26928 | D:15     | Entered Level 15 of the Dungeon
 27256 | D:15     | Found a labyrinth entrance.
 27272 | Lab      | Entered a labyrinth
 27799 | Lab      | Got a crude leather armour
 27810 | Lab      | Identified the +3 leather armour of Lokyh {rF++ rC+ Regen+
                  | Slay+3} (You found it in a labyrinth)
 28248 | D:15     | Found a staircase to the Depths.
 28433 | D:15     | Reached skill level 19 in Spellcasting
 29210 | Swamp:1  | Entered Level 1 of the Swamp
 29418 | Swamp:1  | Noticed Nikola
 29427 | Swamp:1  | Killed Nikola
 29652 | Swamp:1  | Offered knowledge of Ozocubu's Refrigeration by Vehumet.
 29886 | D:9      | Bought a book of Fire for 780 gold pieces
 29889 | D:9      | Learned a level 2 spell: Blink
 29895 | D:9      | Learned a level 5 spell: Bolt of Magma
 29904 | D:9      | Learned a level 8 spell: Ignition
 30536 | Swamp:2  | Noticed a thorn hunter
 30540 | Swamp:2  | Killed a thorn hunter
 30540 | Swamp:2  | Reached skill level 15 in Fire Magic
 30769 | Swamp:2  | Reached XP level 16. HP: 80/80 MP: 8/41
 31090 | Swamp:2  | Reached skill level 15 in Conjurations
 31164 | Swamp:2  | Identified a scroll of acquirement
 31985 | Swamp:3  | Paralysed by a hornet for 2 turns
 32198 | Swamp:3  | Noticed a thorn hunter
 32201 | Swamp:3  | Killed a thorn hunter
 32547 | Swamp:3  | Reached skill level 20 in Spellcasting
 32719 | Swamp:4  | Entered Level 4 of the Swamp
 33582 | Swamp:4  | Offered knowledge of Bolt of Cold by Vehumet.
 34184 | Swamp:4  | Found a runed gate.
 34184 | Swamp:4  | Found a runed gate.
 34184 | Swamp:4  | Found a runed gate.
 34370 | Swamp:4  | Noticed Roghewn's ghost (adept FoFi)
 34413 | Swamp:4  | Noticed the 27-headed Lernaean hydra
 34621 | Swamp:4  | Killed the 27-headed Lernaean hydra
 34726 | Swamp:4  | Got a decaying rune of Zot
 35158 | Swamp:4  | Killed Roghewn's ghost
 35540 | Spider:1 | Entered Level 1 of the Spider Nest
 35898 | Spider:1 | Reached skill level 5 in Earth Magic
 35983 | Spider:1 | Reached XP level 17. HP: 84/84 MP: 43/43
 36136 | Spider:1 | Noticed Roxanne
 36304 | Spider:1 | Killed Roxanne
 36677 | Spider:1 | Upgraded the game from 0.23-a0-484-g29ba69c to
                  | 0.23-a0-488-g5fd82c5
 36687 | Spider:2 | Reached skill level 21 in Spellcasting
 36687 | Spider:2 | Reached skill level 1 in Evocations
 36923 | Spider:2 | Offered knowledge of Poison Arrow by Vehumet.
 36942 | Spider:2 | Reached ****** piety under Vehumet
 37538 | Spider:2 | Got a silken robe
 37571 | Spider:2 | Identified the +1 robe "Goenopp" {*Contam rPois Str+5} (You
                  | found it on level 2 of the Spider Nest)
 37586 | Spider:2 | Gained mutation: You are frail. (-10% HP) [mutagenic glow]
 38258 | Spider:3 | Paralysed by a hornet for 1 turns
 39036 | Spider:3 | Paralysed by a hornet for 1 turns
 39872 | Spider:4 | Entered Level 4 of the Spider Nest
 40244 | Spider:4 | Lost strength.
 40976 | Spider:4 | Lost strength.
 40979 | Spider:4 | HP: 3/76 [emperor scorpion (2)]
 40980 | Spider:3 | Succumbed to an emperor scorpion's poison

Vault maps used:
D:1:      minmay_arrival_loop
D:2:      tso_metal_star, first_ration, uniq_jessica
D:3:      kennysheep_big_flooded_room, lemuel_round_altar
D:4:      kennysheep_diamond, tgw_xom, uniq_edmund, uniq_ijyb, uniq_sigmund
D:6:      minmay_temple_entry_mini_moons, uniq_duvessa, uniq_menkaure,
          uniq_grinder, uniq_crazy_yiuf_cottage
D:8:      chequers_temple_overflow_statue_of_worship, lemuel_doored_altar,
          basic_altar, hangedman_pestilent_swarm
D:9:      lair_entry_dummy, erik_orc_4, serial_shops, shop,
          nicolae_shop_window_shopping, kennysheep_little_box,
          nicolae_shop_behind_doors, nicolae_shop_competitors_out_of_business,
          dk_vineyard_1
D:10:     kennysheep_town
D:11:     minmay_misc_feat_room
D:12:     kennysheep_seaside_town, kennysheep_flooded_box, uniq_rupert,
          uniq_josephine, uniq_maurice, uniq_snorg
D:14:     skrybe_vaults_entry_preservation, nicolae_ru_path_of_blood,
          nicolae_elemental_shop
D:15:     grunt_enter_depths_magical_seal, corexii_leaking_fountain,
          lab_entry_generic
Temple:   eino_temple_rhombus
Lair:1:   grunt_megastairs_5
Lair:2:   spider_nest_entry_a, wad_woods_road_03, beast_lair_carwin_8,
          grunt_megastairs_1
Lair:3:   beast_lair_carwin_9
Lair:4:   minmay_swamp_entry_eels, st_stairs_6, chequers_serial_rivers_room_a
Lair:6:   minmay_lair_end_frog_pond, slime_altar_2, grunt_megastairs_3
Swamp:1:  nicolae_swamp_rocky_clearing, swamp_pool2,
          nicolae_swamp_oklob_treasure_island, uniq_nikola
Swamp:2:  nicolae_swamp_round_clearing, swamp_pool1
Swamp:3:  evilmike_swamp_ruin_house_2
Swamp:4:  grunt_swamp_rune_castle, ebering_ghost_rock_garden, swamp_pool2
Spider:1: spider_trap, uniq_roxanne
Spider:2: special_room
Spider:3: portal_ice_cave_entry_pillars_1
Spider:4: grunt_spider_rune_parallel
Orc:1:    serial_shops, nicolae_shop_trees
Orc:2:    grunt_orc_gardens, grunt_orc_garden, grunt_orc_garden,
          grunt_orc_garden, grunt_orc_garden, minmay_orc_temple_a
Lab:      labyrinth_watery, nicolae_lab_do_over, lab_statue, nicolae_lab_blocks,
          nicolae_lab_stuck, nicolae_lab_big_swirl, nicolae_lab_arrow,
          lab_block, nicolae_lab_checkerboard, labyrinth_lava_lair,
          nicolae_lab_flowing_pool, labyrinth_skeletal_remains

Skill      XL: |  1  2  3  4  5  6  7  8  9 10 11 12 13 14 15 16 17 |
---------------+----------------------------------------------------+-----
Fire Magic     | 4 5 6 8 9 10 11 13 14 15 16 17 | 17.3
Spellcasting   | 4 6 7 9 10 12 13 15 16 18 19 20 21 | 21.8
Stealth        | 3 4 |  4.5
Conjurations   | 2 3 4 5 7 9 10 11 12 14 15 16 | 16.3
Dodging        | 3 4 5 6 7 |  7.2
Shields        | 1 2 3 4 5 |  5.9
Fighting       | 1 2 |  2.5
Armour         | 1 4 5 7 8 |  8.8
Earth Magic    | 3 5 |  5.6
Evocations     | 1 |  1.0
Translocations | |  0.4

Action                   |  1- 3 |  4- 6 |  7- 9 | 10-12 | 13-15 | 16-18 || total
-------------------------+-------+-------+-------+-------+-------+-------++-------
Melee: Dagger            |     5 |     3 |    17 |       |       |       ||    25
       Short sword       |       |       |    10 |       |       |       ||    10
       Staff             |       |       |       |       |     2 |       ||     2
 Cast: Flame Tongue      |    82 |   125 |   153 |   232 |   545 |    85 ||  1222
       Sticky Flame      |       |     3 |    36 |    90 |   127 |    42 ||   298
       Conjure Flame     |       |     2 |     5 |     2 |    12 |     1 ||    22
       Throw Flame       |       |     2 |    10 |    20 |    11 |    16 ||    59
       Fireball          |       |       |    10 |    44 |   259 |   108 ||   421
       Iron Shot         |       |       |       |       |    59 |   147 ||   206
       Ignition          |       |       |       |       |     1 |    50 ||    51
       Blink             |       |       |       |       |       |     1 ||     1
Evoke: Wand              |       |       |       |       |     4 |     5 ||     9
  Use: Scroll            |       |       |    12 |     6 |    18 |    11 ||    47
       Potion            |       |       |       |       |     1 |     2 ||     3
  Eat: Chunk             |     1 |    10 |    14 |    23 |    41 |     8 ||    97
       Ration            |       |       |       |       |     1 |     9 ||    10
Armor: Robe              |    20 |     8 |    13 |     3 |       |       ||    44
       Ring mail         |       |       |       |    39 |   118 |   194 ||   351
Dodge: Dodged            |    35 |    27 |    58 |    78 |   142 |   135 ||   475
Block: Buckler           |     3 |     4 |    20 |    27 |    71 |   104 ||   229

Table legend:
 A = Non-vault XP
 B = Vault XP
 C = Vault XP percentage of total XP
 D = Non-vault monster count
 E = Vault monster count
 F = Vault count percentage of total count
                 A         B        C        D         E       F
            +---------+---------+-------+---------+---------+-------
      Total |  173766 |   93931 |  35.1 |     687 |     301 |  30.5
            +---------+---------+-------+---------+---------+-------
        D:1 |      53 |       0 |   0.0 |      26 |       0 |   0.0
        D:2 |     133 |      37 |  21.8 |      25 |       1 |   3.8
        D:3 |      57 |       3 |   5.0 |      22 |       2 |   8.3
        D:4 |     202 |     455 |  69.3 |      12 |       4 |  25.0
        D:5 |     346 |       0 |   0.0 |      17 |       0 |   0.0
        D:6 |     785 |     718 |  47.8 |      15 |       5 |  25.0
        D:7 |     611 |       0 |   0.0 |      12 |       0 |   0.0
        D:8 |     424 |     362 |  46.1 |       4 |       4 |  50.0
        D:9 |    1113 |     563 |  33.6 |      19 |      17 |  47.2
       D:10 |    3347 |    8261 |  71.2 |      36 |      37 |  50.7
       D:11 |    7296 |       0 |   0.0 |      37 |       0 |   0.0
       D:12 |    6249 |    7637 |  55.0 |      29 |      31 |  51.7
       D:13 |    3403 |     200 |   5.6 |      21 |       1 |   4.5
       D:14 |   10217 |    3849 |  27.4 |      26 |       8 |  23.5
       D:15 |   15552 |    5432 |  25.9 |      35 |      10 |  22.2
     Lair:1 |    2716 |    1055 |  28.0 |      13 |       4 |  23.5
     Lair:2 |    3151 |    2664 |  45.8 |      17 |      12 |  41.4
     Lair:3 |    1064 |     954 |  47.3 |       7 |       3 |  30.0
     Lair:4 |    2841 |     460 |  13.9 |      10 |       6 |  37.5
     Lair:5 |    7129 |       0 |   0.0 |      23 |       0 |   0.0
     Lair:6 |    5783 |   13491 |  70.0 |      15 |      58 |  79.5
    Swamp:1 |    6797 |    4585 |  40.3 |      11 |       2 |  15.4
    Swamp:2 |   13237 |       0 |   0.0 |      25 |       0 |   0.0
    Swamp:3 |   13985 |    2329 |  14.3 |      31 |       3 |   8.8
    Swamp:4 |   14574 |   22701 |  60.9 |      36 |      31 |  46.3
   Spider:1 |    5769 |    2000 |  25.7 |      19 |       1 |   5.0
   Spider:2 |   18896 |    1895 |   9.1 |      44 |      15 |  25.4
   Spider:3 |   16741 |     626 |   3.6 |      36 |       1 |   2.7
   Spider:4 |    7054 |    1634 |  18.8 |      14 |       4 |  22.2
      Orc:1 |    2607 |     139 |   5.1 |      34 |       4 |  10.5
      Orc:2 |    1634 |    9795 |  85.7 |      16 |      30 |  65.2
        Lab |       0 |    2086 | 100.0 |       0 |       7 | 100.0
            +---------+---------+-------+---------+---------+-------
